 Dungeon Sprint DCSS version 0.26-a0-966-gd078a86f14 (webtiles) character file.

Game seed: 1744169860497518570

4491 mhtbhm the Peltast (level 10, -4/97 HPs)
             Began as a Minotaur Fighter on Dec 3, 2020.
             Was a High Priest of Okawaru.
             Slain by a sun demon (18 damage)
             ... in the Dungeon (Sprint VII: "The Pits").
             The game lasted 00:03:24 (1872 turns).

mhtbhm the Peltast (Minotaur Fighter)               Turns: 1872, Time: 00:03:25

Health: -4/97      AC: 18    Str: 25    XL:     10   Next: 16%
Magic:  9/9        EV: 13    Int:  5    God:    Okawaru [*****.]
Gold:   0          SH: 14    Dex: 12    Spells: 9/9 levels left

rFire    . . .     SeeInvis .   a - +1 long sword (flame)
rCold    . . .     Faith    .   c - +0 kite shield
rNeg     . . .     Spirit   .   b - +4 chain mail
rPois    .         Reflect  .   (helmet restricted)
rElec    .         Harm     .   (no cloak)
rCorr    .         Rampage  .   (no gloves)
MR       .....     NoTele   +   r - +0 pair of boots
Stlth    ..........             (no amulet)
HPRegen  0.26/turn              o - +3 ring of dexterity
MPRegen  0.11/turn              p - +3 ring of evasion

@: lightly drained
A: retaliatory headbutt, horns 2
a: Heroism, Finesse, Renounce Religion


You were in the Dungeon.
You worshipped Okawaru.
Okawaru was extremely pleased with you.
You visited 1 branch

Inventory:

Hand Weapons
 a - a +1 long sword of flaming (weapon)
 s - a +2 scimitar of holy wrath
Armour
 b - a +4 chain mail (worn)
 c - a +0 kite shield (worn)
 r - a +0 pair of boots (worn)
Jewellery
 o - a +3 ring of dexterity (left hand)
 p - a +3 ring of evasion (right hand)
Scrolls
 j - a scroll of blinking
 l - 3 scrolls of remove curse
 m - 5 scrolls of amnesia
 n - a scroll of summoning
Potions
 d - a potion of might
 e - 5 potions of curing
 f - 5 potions of heal wounds
 g - 3 potions of haste
 h - 4 potions of magic
 i - 3 potions of berserk rage
 k - a potion of invisibility
 q - a potion of brilliance


   Skills:
 + Level 11.9(11.2) Fighting
 + Level 15.1(14.3) Long Blades
 + Level 13.3(12.6) Armour
 + Level 3.4(2.8) Dodging
 + Level 3.4(2.9) Stealth
 + Level 15.1(14.3) Shields
 + Level 1.1(0.6) Invocations


You had 9 spell levels left.
You didn't know any spells.
Your spell library was empty.

Dungeon Overview and Level Annotations

Branches:
Dungeon (1/1)

Altars:
Ashenzari
Cheibriados
Dithmenos
Elyvilon
Fedhas
Gozag
Hepliaklqana
Kikubaaqudgha
Makhleb
Nemelex Xobeh
Okawaru
Qazlal
Ru
Sif Muna
Trog
Uskayaw
Vehumet
Wu Jian
Xom
Yredelemnul
Zin
The Shining One
Beogh
Jiyva
Lugonu

Annotations:
D Josephine


Innate Abilities, Weirdness & Mutations

You reflexively headbutt those who attack you in melee.
You have a pair of horns on your head.


Message History

The sun demon completely resists.
The ghostly fireball engulfs you!!
You feel drained.
You barely miss the sun demon. Your headbutt misses the sun demon.
The sun demon hits you!
You are engulfed in flames!
You hit the sun demon but do no damage.
Unknown command.
You completely miss the sun demon. You headbutt the sun demon!
The sun demon is moderately wounded.
You block the sun demon's attack.
Unknown command.
You slash the sun demon! You headbutt the sun demon!
The sun demon is heavily wounded.
The sun demon hits you!
You are engulfed in flames!
* * * LOW HITPOINT WARNING * * *
You closely miss the sun demon.
The sun demon is heavily wounded.
The sun demon hits you!
* * * LOW HITPOINT WARNING * * *
You are engulfed in flames!!
You die...

########################
................@3W.W...
.................W@.....
#############++#########


You could see Josephine, a sun demon and 3 wraiths.

Vanquished Creatures
  An orc high priest (D)
  A deep elf mage (D)
  A manticore (D)
  A rust devil (D)
  A molten gargoyle (D)
  2 kobold demonologists (D)
  A troll (D)
  A snapping turtle (D)
  5 yaks (D)
  A basilisk (D)
  A warg (D)
  A floating eye (D)
  A small abomination (D)
  2 orc warriors (D)
  A wolf (D)
  2 big kobolds (D)
  An iron imp (D)
  An iguana (D)
  Terence (D)
  An adder (D)
  A white imp (D)
  An adder skeleton (D)
  5 orcs (D)
  2 goblins (D)
  A hobgoblin (D)
  10 jackals (D)
  4 kobolds (D)
  A quokka (D)
  A ball python (D)
  A bat (D)
  2 frilled lizards (D)
56 creatures vanquished.

Notes
Turn   | Place    | Note
-------+----------+-------------------------------------------
     0 | D        | mhtbhm the Minotaur Fighter began the quest for the Orb.
     0 | D        | Reached XP level 1. HP: 19/19 MP: 0/0
    21 | D        | Found a bloodstained altar of Trog.
    21 | D        | Found a shimmering blue altar of Sif Muna.
    21 | D        | Found a viscous altar of Jiyva.
    21 | D        | Found a hazy altar of Hepliaklqana.
    21 | D        | Found an opulent altar of Gozag.
    22 | D        | Found a glowing golden altar of the Shining One.
    22 | D        | Found a glowing silver altar of Zin.
    22 | D        | Found a basalt altar of Yredelemnul.
    22 | D        | Found a shimmering altar of Xom.
    22 | D        | Found an ornate altar of the Wu Jian Council.
    22 | D        | Found a sacrificial altar of Ru.
    22 | D        | Found a stormy altar of Qazlal.
    22 | D        | Found an iron altar of Okawaru.
    22 | D        | Found a sparkling altar of Nemelex Xobeh.
    22 | D        | Found a burning altar of Makhleb.
    22 | D        | Found a blossoming altar of Fedhas.
    22 | D        | Found a white marble altar of Elyvilon.
    22 | D        | Found a shadowy altar of Dithmenos.
    22 | D        | Found a snail-covered altar of Cheibriados.
    24 | D        | Found a radiant altar of Vehumet.
    24 | D        | Found a corrupted altar of Lugonu.
    24 | D        | Found a roughly hewn altar of Beogh.
    25 | D        | Found a hide-covered altar of Uskayaw.
    25 | D        | Found an ancient bone altar of Kikubaaqudgha.
    25 | D        | Found a broken altar of Ashenzari.
    30 | D        | Became a worshipper of Warmaster Okawaru
    85 | D        | Reached XP level 2. HP: 28/28 MP: 1/1
    91 | D        | Reached skill level 5 in Shields
   213 | D        | Reached skill level 5 in Armour
   303 | D        | Reached skill level 5 in Fighting
   303 | D        | Reached XP level 3. HP: 34/36 MP: 2/2
   374 | D        | Noticed Terence
   388 | D        | Killed Terence
   409 | D        | Noticed a deep elf mage
   431 | D        | Killed a deep elf mage
   431 | D        | Reached * piety under Okawaru
   432 | D        | Reached skill level 10 in Long Blades
   432 | D        | Reached XP level 4. HP: 31/49 MP: 3/3
   432 | D        | Reached XP level 5. HP: 36/56 MP: 4/4
   432 | D        | Reached XP level 6. HP: 40/62 MP: 5/5
   444 | D        | Reached skill level 1 in Dodging
   541 | D        | Noticed a troll
   549 | D        | Killed a troll
   549 | D        | Reached ** piety under Okawaru
   550 | D        | Reached skill level 10 in Shields
   550 | D        | Reached XP level 7. HP: 46/70 MP: 6/6
   683 | D        | Noticed a kobold demonologist
   683 | D        | Noticed an orc high priest
   691 | D        | Noticed a rust devil
   694 | D        | Noticed a sixfirhy
   699 | D        | Noticed an ice devil
   699 | D        | Noticed a red devil
   722 | D        | Noticed a red devil
   726 | D        | Reached XP level 8. HP: 79/79 MP: 7/7
   731 | D        | Killed a kobold demonologist
   731 | D        | Reached *** piety under Okawaru
   732 | D        | Reached skill level 10 in Fighting
   732 | D        | Reached skill level 1 in Stealth
   742 | D        | Noticed an orange demon
   745 | D        | Noticed a soul eater
   750 | D        | Killed an orc high priest
   750 | D        | Reached **** piety under Okawaru
   751 | D        | Reached skill level 10 in Armour
   761 | D        | Reached XP level 9. HP: 23/86 MP: 6/8
  1074 | D        | Noticed a molten gargoyle
  1090 | D        | Killed a molten gargoyle
  1339 | D        | Noticed a manticore
  1348 | D        | Killed a manticore
  1400 | D        | Noticed a kobold demonologist
  1401 | D        | Noticed a hellwing
  1411 | D        | Noticed a smoke demon
  1413 | D        | Killed a kobold demonologist
  1420 | D        | Reached ***** piety under Okawaru
  1614 | D        | Noticed a rust devil
  1673 | D        | Reached skill level 1 in Invocations
  1677 | D        | Reached XP level 10. HP: 93/96 MP: 9/9
  1683 | D        | Reached skill level 15 in Long Blades
  1697 | D        | Killed a rust devil
  1698 | D        | Reached skill level 15 in Shields
  1864 | D        | Noticed a sun demon
  1865 | D        | Noticed Josephine
  1872 | D        | Slain by a sun demon

Illustrated notes

Levels and vault maps discovered:
D:        pitsprint [storerooms_1, entrance_room_1, metal_vault_4, armoury_1,
          mini_pit_1, grid_room_1, main_hall_1, silver_pit, the_coven_3,
          the_vestibule_1, steel_vault_3, golden_pit, hallway_of_sentries,
          crystal_vault_5, iron_vault_4, final_vault]

Skill      XL: |  1  2  3  4  5  6  7  8  9 10 |
---------------+-------------------------------+-----
Fighting       | 4 5 8 9 10 11 | 11.9
Armour         | 4 5 8 9 10 12 13 | 13.3
Shields        | 4 5 9 10 11 12 14 15 | 15.1
Long Blades    | 3 10 11 12 14 15 | 15.1
Dodging        | 1 2 3 |  3.4
Stealth        | 2 3 |  3.4
Invocations    | 1 |  1.1

Action                   |  1- 3 |  4- 6 |  7- 9 | 10-12 || total
-------------------------+-------+-------+-------+-------++-------
Melee: Falchion          |    28 |       |       |       ||    28
       Long sword        |    29 |    11 |   124 |    31 ||   195
       Headbutt          |     4 |     2 |    31 |    14 ||    51
Invok: Heroism           |       |       |     1 |       ||     1
  Use: Potion            |     1 |       |     9 |       ||    10
 Stab: Invisible         |       |       |     2 |       ||     2
Armor: Scale mail        |    17 |       |       |       ||    17
       Plate armour      |    10 |     5 |    29 |       ||    44
       Chain mail        |       |       |    14 |     2 ||    16
Dodge: Dodged            |    14 |     4 |    43 |     7 ||    68
Block: Kite shield       |    28 |     7 |    83 |     9 ||   127
       Rpst.: Falchion   |     4 |       |       |       ||     4
       Long sword        |       |     1 |    17 |     5 ||    23

Table legend: (Time is in decaauts)
 A = Elapsed time spent in this place.
 B = Non-inter-level travel time spent in this place.
 C = Inter-level travel time spent in this place.
 D = Time resting spent in this place.
 E = Time spent auto-exploring this place.
 F = Levels seen in this place.
 G = Mean time per level.
                   A        B        C        D        E       F      G
               +--------+--------+--------+--------+--------+-----+--------+
         Total |   1863 |   1863 |      0 |    912 |    267 |   1 | 1863.0 |
       Dungeon |   1863 |   1863 |      0 |    912 |    267 |   1 | 1863.0 |
               +--------+--------+--------+--------+--------+-----+--------+

Top non-repeatable levels by time:
       D: 1863 daAuts
